 Dungeon Crawl Stone Soup version 0.29-a0-119-g4040846114 (webtiles) character file.

Game seed: 6520075379228685435

6934 Sweetruy1997 the Carver (level 10, 0/106 HPs)
             Began as a Demonspawn Chaos Knight on Feb 19, 2022.
             Was a Plaything of Xom.
             Succumbed to a gnoll sergeant's poison
             ... on level 7 of the Dungeon.
             The game lasted 00:28:27 (8219 turns).

Sweetruy1997 the Carver (Demonspawn Chaos Knight)   Turns: 8219, Time: 00:28:28

Health: 0/106      AC: 12    Str: 13      XL:     10   Next: 80%
Magic:  1/15       EV: 11    Int: 28      God:    Xom [.*....]
Gold:   627        SH:  6    Dex: 19 (20) Spells: 6/16 levels left

rFire   + . .      SeeInvis .   i - +7 Throatcutter {drain, coup de grace}
rCold   + . .      Faith    .   (no shield)
rNeg    . . .      Spirit   +   u - +2 leather armour of the Loofah {Int+4}
rPois   .          Reflect  .   (helmet restricted)
rElec   .          Harm     .   f - scarf {shadows}
rCorr   .          Rampage  .   q - +1 pair of gloves
Will    .....                   t - +0 pair of boots
Stlth   ..........              o - amulet of guardian spirit
HPRegen 0.27/turn               n - +6 ring of intelligence
MPRegen 0.14/turn               g - ring of wizardry

@: berserking, lethally poisoned (0 -> -16), studying Earth Magic, very quick
A: claws 1, yellow scales 2, spiny 2, fangs 1, horns 1, large bone plates 2,
agile 2, clever 2, cold resistance 1, fire resistance 1, shaggy fur 1, wild
magic 1, evolution 1, MP-powered wands
a: Renounce Religion


You were on level 7 of the Dungeon.
You worshipped Xom.
You were a plaything of Xom.
You visited 2 branches of the dungeon, and saw 10 of its levels.
You also visited: Bailey.

You collected 979 gold pieces.
You spent 352 gold pieces at shops.

Inventory:

Hand Weapons
 i - the +7 Throatcutter (weapon) {drain, coup de grace}
   (You found it on level 3 of the Dungeon)

   A truly terrible weapon, it drains the life of any living foe it strikes.
   It may instantly kill foes which have little health.
 m - a +0 vorpal falchion
 v - the +5 hand axe of Datet {venom, Dex+4}
   (You took it off a wight on level 7 of the Dungeon)

   It poisons the flesh of those it strikes.
   Dex:       It affects your dexterity (+4).
Missiles
 j - 8 boomerangs (quivered)
 y - 2 throwing nets
Armour
 b - a +0 cloak
 f - a scarf of shadows (worn)
 q - a +1 pair of gloves (worn)
 t - a +0 pair of boots (worn)
 u - the +2 leather armour of the Loofah (worn) {Int+4}
   (You bought it in a shop on level 6 of the Dungeon)

   Int:       It affects your intelligence (+4).
Jewellery
 e - a +4 ring of evasion
 g - a ring of wizardry (right hand)
 k - a ring of see invisible
 n - a +6 ring of intelligence (left hand)
 o - an amulet of guardian spirit (around neck)
Wands
 a - a wand of iceblast (4)
 w - a wand of digging (4)
Scrolls
 c - 2 scrolls of blinking
 d - 2 scrolls of teleportation
 r - a scroll of fear
 z - a scroll of vulnerability {unknown}
Potions
 h - 3 potions of lignification
 l - 4 potions of haste
 p - 5 potions of curing
 s - a potion of magic {unknown}
 x - 2 potions of invisibility {unknown}


   Skills:
 - Level 4.0 Fighting
 + Level 13.0 Long Blades
 + Level 3.7 Throwing
 - Level 2.0 Armour
 - Level 1.0 Dodging
 - Level 1.0 Stealth
 + Level 1.7 Shields
 + Level 3.7 Spellcasting
 + Level 4.8 Hexes
 + Level 0.2 Fire Magic
 - Level 1.0 Evocations


You had 6 spell levels left.
You knew the following spells:

 Your Spells              Type           Power      Damage    Failure   Level
a - Confusing Touch       Hex            41%        N/A       2%          3
b - Inner Flame           Hex/Fire       25%        N/A       6%          3
c - Cause Fear            Hex            20%        N/A       8%          4

Your spell library contained the following spells:

 Spells                   Type           Power      Damage    Failure   Level
 Yara's Violent Unravell  Hex/Tmut       12%        3d7       43%         5
 Enfeeble                 Hex            20%        N/A       99%         7
 Discord                  Hex            20%        N/A       100%        8


Dungeon Overview and Level Annotations

Branches:
Dungeon (9/15)             Temple (1/1) D:7          Bailey (visited)
   Lair: D:8-11         Orc: D:9-12

Altars:
Ashenzari
Cheibriados
Dithmenos
Fedhas
Hepliaklqana
Kikubaaqudgha
Makhleb
Okawaru
Qazlal
Ru
Sif Muna
Trog
Uskayaw
Vehumet
Wu Jian
Xom
Yredelemnul
Zin
The Shining One

Shops:
D:6 **!**

Annotations:
D:7 1 transporter, Grum; drugrobin's ghost, novice DgWr
D:8 1 runed translucent door


Innate Abilities, Weirdness & Mutations

You have sharp fingernails.
You are mostly covered in yellow scales. (AC +3)
You are mostly covered in sharp spines.
You have very sharp teeth.
You have a pair of small horns on your head.
You are mostly covered in large bone plates. (SH +6)
You are very agile. (Dex +4)
Your mind is very acute. (Int +4)
Your flesh is cold resistant. (rC+)
Your flesh is heat resistant. (rF+)
You are covered in fur. (AC +1)
Your spells are a little harder to cast, but a little more powerful.
You have hidden genetic potential.
You expend magic power (3 MP) to strengthen your wands.


Message History

The gnoll sergeant is severely wounded.
* * * LOW HITPOINT WARNING * * *
You feel very sick.
The gnoll sergeant completely misses you.
You hit the gnoll sergeant.
You headbutt the gnoll sergeant, but do no damage.
Your bite misses the gnoll sergeant.
The gnoll sergeant is severely wounded.
* * * LOW HITPOINT WARNING * * *
You feel very sick. "Go forth and destroy!"
A red film seems to cover your vision as you go berserk!
You feel yourself moving faster!
You feel mighty!
You are too berserk!
The gnoll sergeant blocks your attack.
You headbutt the gnoll sergeant.
You kill the gnoll sergeant!
* * * LOW HITPOINT WARNING * * *
You feel sick.
The gnoll sergeant zaps a wand.
The bolt of acid misses you.
* * * LOW HITPOINT WARNING * * *
You feel sick.
The gnoll shaman shouts!
The gnoll sergeant shouts!
There is an open translucent door, spattered with blood here.
Things that are here:
the +7 spear "Omeenann" {venom, *Noise rC+ rCorr Dex+3}; the +1 ring mail of Indomitability {Str-4 Int+8}; a +1 kite shield You feel a strong urge to attack something.
* * * LOW HITPOINT WARNING * * *
You feel sick.
The gnoll shaman mumbles some strange prayers to its god.
The gnoll shaman is healed somewhat.
The gnoll zaps a wand.
The puff of flame hits you. You resist.
* * * LOW HITPOINT WARNING * * *
You slash the gnoll! You drain the gnoll.
You kill the gnoll!
* * * LOW HITPOINT WARNING * * *
You feel sick.
The gnoll sergeant hits you from afar with a +0 trident of venom!
* * * LOW HITPOINT WARNING * * *
You are more poisoned.
You die...
Xom thinks this is hilarious!

######################
#########....................#
#............................#
#.≈≈≈≈≈≈≈≈≈≈≈...≈≈≈≈≈≈≈≈≈≈≈..#
#.≈≈≈≈≈≈≈≈≈≈≈...≈≈≈≈≈≈≈≈≈≈≈..#
#.≈≈#####...........#####≈≈..#
#.≈≈#h#g#.###.©.###.#.#.#≈≈..#
#.≈≈#..g###.#####.###...#≈≈..#
#.≈≈###..g.g.g@./.....###≈≈..#
#.≈≈.8#,######)######g#8.≈≈..#
#.≈≈.##.*..,#8.†#.⌠.#.##.≈≈..#
#.≈≈.#gh'$.:#(©)....'..#.≈≈..#
#.≈≈)##.#$$W#8$.#.⌠.#.##.≈≈..#
#.≈≈.8#g######'######.#8.≈≈..#
#.≈≈###,..............###≈≈..#
#.≈≈#...###©#####g###g.g#≈≈..#
##.≈≈#.#.#.###.©.###.#.#.#≈≈..##


You could see a gnoll sergeant, a gnoll shaman and a gnoll (fast).

Vanquished Creatures
  A dancing weapon (D:8)
  Maurice (D:8)
  A troll (D:7)
  Prince Ribbit (D:8)
  Grinder (D:3)
  6 yaks (D:8)
  A steam dragon (D:6)
  Menkaure (D:5)
  2 water moccasins
  4 ice beasts
  4 orc warriors (Bailey)
  A sky beast (D:8)
  3 black bears
  A necrophage (D:4)
  2 ogres
  2 wolves (D:7)
  2 phantoms
  9 kobold brigands
  2 bullfrogs
  A gnoll sergeant (D:7)
  9 wights
  3 killer bees (D:8)
  An electric eel (D:7)
  3 vampire bats (D:5)
  A human zombie (D:4)
  2 centaur zombies
  A quasit (D:8)
  4 hounds
  A bullfrog skeleton (D:4)
  A jelly (D:5)
  2 orc priests
  4 iguanas
  7 orc wizards
  A scorpion zombie (D:4)
  3 hound zombies (D:4)
  2 mummies (D:4)
  2 howler monkey zombies
  17 gnolls
  10 adders
  An ufetubus (D:4)
  An adder zombie (D:5)
  2 adder skeletons
  A worm (D:4)
  3 dart slugs
  26 orcs
  9 ball pythons
  5 bats
  2 bat skeletons (D:5)
  4 bat zombies (D:5)
  3 endoplasms
  6 giant cockroaches
  3 goblins
  4 hobgoblins
  2 quokkas
  4 frilled lizards
  2 goblin skeletons (D:8)
  A goblin zombie (D:8)
  2 hobgoblin zombies (D:8)
  16 kobolds
  2 kobold skeletons (D:8)
  A kobold zombie (D:8)
  An orc zombie (D:8)
  4 rats
225 creatures vanquished.

Vanquished Creatures (collateral kills)
  Psyche (D:8)
  A hornet (D:8)
  An orc priest (D:8)
  An ufetubus (D:7)
  An orc (D:8)
5 creatures vanquished.

Vanquished Creatures (others)
  An orc (D:8)
  A kobold (Bailey)
  9 fungi (D:6)
  17 plants
28 creatures vanquished.

Grand Total: 258 creatures vanquished

Notes
Turn   | Place    | Note
-------+----------+-------------------------------------------
     0 | D:1      | Sweetruy1997 the Demonspawn Chaos Knight began the quest
                  | for the Orb.
     0 | D:1      | Reached XP level 1. HP: 18/18 MP: 1/1
   133 | D:1      | Found a faded altar of an unknown god.
   170 | D:1      | Reached skill level 3 in Long Blades
   365 | D:1      | Gained mutation: You are partially covered in yellow
                  | scales. (AC +2) [demonic ancestry]
   365 | D:1      | Reached XP level 2. HP: 24/24 MP: 2/2
   387 | D:1      | XOM: divination: detect creatures
   777 | D:2      | Found a basalt altar of Yredelemnul.
   874 | D:2      | Gained mutation: You are partially covered in sharp spines.
                  | [demonic ancestry]
   874 | D:2      | Reached XP level 3. HP: 13/30 MP: 3/3
  1205 | D:2      | Reached skill level 1 in Dodging
  1238 | D:2      | XOM: silly message
  1329 | D:2      | You fall into a shaft and drop 1 floor!
  1329 | D:3      | XOM: stealth player
  1341 | D:3      | Gained mutation: You are mostly covered in yellow scales.
                  | (AC +3) [demonic ancestry]
  1341 | D:3      | Reached XP level 4. HP: 37/37 MP: 4/4
  1351 | D:3      | XOM: silly message
  1470 | D:2      | XOM: noise
  1625 | D:3      | Found the +7 Throatcutter {drain, coup de grace}
  1699 | D:3      | Noticed Grinder
  1704 | D:3      | XOM: cast spell 'Call Canine Familiar'
  1705 | D:3      | Killed Grinder
  1706 | D:3      | Reached skill level 5 in Long Blades
  1706 | D:3      | Reached skill level 1 in Stealth
  1706 | D:3      | Reached XP level 5. HP: 42/42 MP: 5/5
  1706 | D:3      | Gained mutation: You have sharp fingernails. [demonic
                  | ancestry]
  1706 | D:3      | Reached XP level 6. HP: 48/48 MP: 6/6
  1750 | D:3      | XOM: swap monsters
  2114 | D:3      | Found a shimmering blue altar of Sif Muna.
  2267 | D:3      | XOM: give mutations
  2267 | D:3      | Gained mutation: You are weak. (Str -2) [Xom's mischief]
  2267 | D:3      | Gained mutation: You are frail. (-10% HP) [Xom's mischief]
  2379 | D:4      | Reached skill level 6 in Long Blades
  2634 | D:4      | Gained mutation: You are mostly covered in sharp spines.
                  | [demonic ancestry]
  2634 | D:4      | Reached XP level 7. HP: 47/48 MP: 7/7
  2812 | D:4      | Reached skill level 7 in Long Blades
  2930 | D:4      | XOM: summons 4 hostile demons
  2966 | D:4      | Found a basalt altar of Yredelemnul.
  2980 | D:4      | Reached skill level 8 in Long Blades
  3102 | D:5      | Entered Level 5 of the Dungeon
  3150 | D:5      | Found an ancient bone altar of Kikubaaqudgha.
  3160 | D:5      | Reached XP level 8. HP: 54/54 MP: 8/8
  3180 | D:5      | Noticed Menkaure
  3186 | D:5      | XOM: 2-stop teleportation journey
  3191 | D:5      | Killed Menkaure
  3192 | D:5      | Reached skill level 9 in Long Blades
  3636 | D:5      | Found a radiant altar of Vehumet.
  3648 | D:5      | XOM: blink monster(s)
  3783 | D:5      | Found a stormy altar of Qazlal.
  3908 | D:6      | XOM: stealth player
  3992 | D:6      | Reached skill level 10 in Long Blades
  4044 | D:6      | Found Foqydd's Assorted Antiques.
  4056 | D:6      | Bought a translucent leather armour for 126 gold pieces
  4056 | D:6      | Identified the +2 leather armour of the Loofah {Int+4} (You
                  | bought it in a shop on level 6 of the Dungeon)
  4099 | D:6      | Found a blossoming altar of Fedhas.
  4116 | D:6      | Found Fij Seom's Distillery.
  4125 | D:6      | Bought a potion of might for 48 gold pieces
  4147 | D:6      | XOM is BORED!
  4155 | D:6      | Bought an inky potion for 16 gold pieces
  4155 | D:6      | Bought a scroll labelled UCEATI OQANNUNG for 18 gold pieces
  4155 | D:6      | Bought 2 bubbling black potions for 32 gold pieces
  4155 | D:6      | Upgraded the game from 0.29-a0-113-g078de9bc30 to
                  | 0.29-a0-119-g4040846114
  4231 | D:6      | Learned a level 3 spell: Confusing Touch
  4249 | D:6      | Found Raceut Vedi's General Store.
  4250 | D:6      | XOM: 1-stop teleportation journey
  4445 | D:6      | Found Zeevueg's Assorted Antiques.
  4452 | D:6      | Bought a glowing brown potion for 19 gold pieces
  4452 | D:6      | Bought a scroll of identify for 44 gold pieces
  4452 | D:6      | Bought a scroll labelled XAAKYB WAQEIQ for 22 gold pieces
  4453 | D:6      | Lost mutation: You are weak. (Str -2) [potion of mutation]
  4453 | D:6      | Lost mutation: You are frail. (-10% HP) [potion of
                  | mutation]
  4453 | D:6      | Gained mutation: Your body sometimes deteriorates upon
                  | taking damage. [potion of mutation]
  4453 | D:6      | Gained mutation: You do not regenerate when monsters are
                  | visible. [potion of mutation]
  4453 | D:6      | Gained mutation: You have a pair of small horns on your
                  | head. [potion of mutation]
  4454 | D:6      | Lost mutation: You do not regenerate when monsters are
                  | visible. [potion of mutation]
  4454 | D:6      | Lost mutation: Your body sometimes deteriorates upon taking
                  | damage. [potion of mutation]
  4454 | D:6      | Lost mutation: You have a pair of small horns on your head.
                  | [potion of mutation]
  4454 | D:6      | Gained mutation: Armour fits poorly on your strangely
                  | shaped body. [potion of mutation]
  4454 | D:6      | Gained mutation: You are somewhat resistant to further
                  | mutation. [potion of mutation]
  4455 | D:6      | Lost mutation: Armour fits poorly on your strangely shaped
                  | body. [potion of mutation]
  4455 | D:6      | Lost mutation: You are somewhat resistant to further
                  | mutation. [potion of mutation]
  4455 | D:6      | Gained mutation: You are partially covered in large bone
                  | plates. (SH +4) [potion of mutation]
  4455 | D:6      | Gained mutation: You expend magic power (3 MP) to
                  | strengthen your wands. [potion of mutation]
  4455 | D:6      | Gained mutation: You are somewhat resistant to further
                  | mutation. [potion of mutation]
  4585 | D:6      | Found Yteal's Assorted Antiques.
  4596 | D:6      | Reached XP level 9. HP: 60/65 MP: 7/9
  4620 | D:6      | Bought a smoky blue potion for 27 gold pieces
  4718 | D:6      | XOM: summons 1 hostile demon
  4719 | D:6      | Noticed a soul eater
  4898 | D:6      | XOM: summons 5 hostile demons
  5277 | D:6      | Reached skill level 11 in Long Blades
  5357 | D:7      | Reached skill level 1 in Hexes
  5363 | D:7      | Noticed a troll
  5363 | D:7      | XOM: 2-stop teleportation journey
  5365 | D:7      | XOM: confuse monster(s)
  5366 | D:7      | XOM: confuse monster(s)
  5367 | D:7      | Reached skill level 1 in Spellcasting
  5372 | D:7      | Killed a troll
  5434 | D:7      | Found a transporter.
  5434 | D:7      | Noticed Grum
  5451 | D:7      | Noticed drugrobin's ghost (novice DgWr)
  5454 | D:7      | Identified the +7 spear "Omeenann" {venom, *Noise rC+ rCorr
                  | Dex+3}
  5454 | D:7      | Identified the +1 ring mail of Indomitability {Str-4 Int+8}
  5595 | D:7      | XOM: summons friendly crimson imp
  5611 | D:7      | XOM: give mutations
  5611 | D:7      | Gained mutation: Your flesh is cold resistant. (rC+) [Xom's
                  | grace]
  5611 | D:7      | Lost mutation: You are somewhat resistant to further
                  | mutation. [Xom's grace]
  5611 | D:7      | Gained mutation: You have hidden genetic potential. [Xom's
                  | grace]
  5641 | D:7      | Identified the +5 hand axe of Datet {venom, Dex+4}
  5714 | D:7      | XOM: give mutations
  5714 | D:7      | Gained mutation: Your mind is acute. (Int +2) [Xom's grace]
  5714 | D:7      | Gained mutation: Your flesh is heat resistant. (rF+) [Xom's
                  | grace]
  5714 | D:7      | Gained mutation: You have a pair of small horns on your
                  | head. [Xom's grace]
  5887 | D:7      | XOM: god gift: 39 gold pieces
  5893 | D:7      | Found a flagged portal.
  5914 | Bailey   | Entered a bailey
  5936 | Bailey   | XOM: destruction
  6280 | Bailey   | Reached skill level 12 in Long Blades
  6297 | Bailey   | XOM: cleaving
  6309 | Bailey   | Reached XP level 10. HP: 20/71 MP: 2/14
  6309 | Bailey   | XOM: scenery: create altars
  6563 | Bailey   | Found a burning altar of Makhleb.
  6705 | D:7      | Learned a level 3 spell: Inner Flame
  6705 | D:7      | Found a staircase to the Ecumenical Temple.
  6807 | D:7      | Found a transporter.
  6894 | D:7      | XOM: cloud trail
  6901 | D:7      | XOM: give mutation
  6901 | D:7      | Gained mutation: You have very sharp teeth. [Xom's grace]
  6909 | D:7      | XOM: give mutations
  6909 | D:7      | Gained mutation: Your spells are a little harder to cast,
                  | but a little more powerful. [Xom's grace]
  6909 | D:7      | Gained mutation: You are agile. (Dex +2) [Xom's grace]
  6909 | D:7      | Gained mutation: You are covered in fur. (AC +1) [Xom's
                  | grace]
  7116 | D:8      | Found a burning altar of Makhleb.
  7170 | D:8      | Noticed Prince Ribbit
  7176 | D:8      | Killed Prince Ribbit
  7177 | D:8      | Reached skill level 1 in Throwing
  7179 | D:8      | Found a snail-covered altar of Cheibriados.
  7187 | D:8      | Noticed a sixfirhy
  7188 | D:8      | Found a runed translucent door.
  7201 | D:8      | Noticed Maurice
  7208 | D:8      | Killed Maurice
  7209 | D:8      | Reached skill level 1 in Shields
  7209 | D:8      | Noticed Psyche
  7216 | D:8      | Killed Psyche
  7221 | D:8      | Killed a +0 short sword
  7224 | D:8      | Gained mutation: Your mind is very acute. (Int +4) [hidden
                  | potential]
  7234 | D:8      | Reached skill level 1 in Evocations
  7395 | D:8      | Learned a level 4 spell: Cause Fear
  7432 | D:8      | XOM: scenery: summon butterflies
  7452 | D:8      | XOM: polymorph butterfly -> hound
  7465 | D:8      | XOM: confuse monster(s)
  7690 | D:8      | XOM: give mutations
  7690 | D:8      | Gained mutation: You are mostly covered in large bone
                  | plates. (SH +6) [Xom's grace]
  7690 | D:8      | Gained mutation: You are very agile. (Dex +4) [Xom's grace]
  7712 | D:8      | XOM: swap monsters
  7842 | D:8      | XOM: stat loss: -1 Str (12/13)
  7935 | D:9      | Noticed a rust devil
  8023 | Temple   | Entered the Ecumenical Temple
  8212 | D:7      | Reached skill level 13 in Long Blades
  8214 | D:7      | XOM: potion effect (berserk rage)
  8218 | D:7      | HP: 2/106 [gnoll sergeant (6)]
  8219 | D:7      | Succumbed to a gnoll sergeant's poison

Illustrated notes

Levels and vault maps discovered:
D:1:      noname_arrival_rooms_in_the_neighbourhood, layout_loops_ring,
          ebering_ecumenical_altar_sacrificial
D:2:      layout_basic, basic_altar, st_stairs_9, minmay_tiny_reverse_x
D:3:      layout_basic, led_sif_pool, st_stairs_13, uniq_grinder
D:4:      layout_rooms, lemuel_mausoleum_altar_yredelemnul
D:5:      layout_basic, nicolae_vehumet_altar_sigil, kennysheep_vampire_church,
          grunt_qazlal_clouds, uniq_menkaure
D:6:      layout_cave_pods, fedhas_altar_3, serial_shops,
          nicolae_shop_behind_doors, shop, shop, nicolae_shop_trees,
          nicolae_lakefront_shop
D:7:      layout_gridville, minmay_temple_entry_metal_lava,
          gammafunk_ghost_gnarly_gnolls, enter_bailey_2, serial_bayou_lagoon_a
D:8:      cheibrodos_shockbox, layout_cave_pools, nicolae_tso_besieged_by_evil,
          mainiacjoe_overflow_boulevard, nicolae_overflow_crystal_walls,
          uniq_prince_ribbit1, uniq_psyche, uniq_maurice
D:9:      layout_gridville, nicolae_gozag_seed_capital, lightli_corner_chamber,
          uniq_pikel, uniq_erolcha, uniq_maggie
Temple:   compressed_dpeg_circular_temple

Skill      XL: |  1  2  3  4  5  6  7  8  9 10 |
---------------+-------------------------------+-----
Long Blades    | 3 5 6 8 10 12 13 | 13.0
Dodging        | 1 |  1.0
Armour         | 2 |  2.0
Fighting       | 4 |  4.0
Stealth        | 1 |  1.0
Hexes          | 3 4 |  4.8
Spellcasting   | 2 3 |  3.7
Throwing       | 3 |  3.7
Shields        | 1 |  1.7
Evocations     | 1 |  1.0
Fire Magic     | |  0.2

Action                   |  1- 3 |  4- 6 |  7- 9 | 10-12 || total
-------------------------+-------+-------+-------+-------++-------
Melee: Falchion          |    74 |    17 |       |       ||    91
       Punch             |     2 |       |     3 |       ||     5
       Long sword        |       |    54 |   223 |   101 ||   378
       Headbutt          |       |       |     9 |    17 ||    26
       Bite              |       |       |       |    13 ||    13
Throw: Throwing net      |       |       |     1 |       ||     1
       Boomerang         |       |       |     5 |    49 ||    54
 Cast: Confusing Touch   |       |       |     7 |     1 ||     8
       Cause Fear        |       |       |       |     3 ||     3
       Inner Flame       |       |       |       |     1 ||     1
Evoke: Wand              |       |       |     2 |     1 ||     3
  Use: Scroll            |       |     6 |     7 |     4 ||    17
       Potion            |       |       |     7 |     1 ||     8
 Stab: Sleeping          |       |       |     3 |       ||     3
       Confused          |       |       |     2 |       ||     2
       Distracted        |       |       |     1 |       ||     1
       Fleeing           |       |       |       |     1 ||     1
Armor: Leather armour    |    27 |    15 |    73 |    32 ||   147
Dodge: Dodged            |    76 |    35 |   133 |    38 ||   282
Block: Other             |       |       |    19 |    17 ||    36

Table legend: (Time is in decaauts)
 A = Elapsed time spent in this place.
 B = Non-inter-level travel time spent in this place.
 C = Inter-level travel time spent in this place.
 D = Time resting spent in this place.
 E = Time spent auto-exploring this place.
 F = Levels seen in this place.
 G = Mean time per level.
                   A        B        C        D        E       F      G
               +--------+--------+--------+--------+--------+-----+--------+
         Total |   8232 |   7890 |    342 |   1476 |   4905 |  11 |  748.4 |
       Dungeon |   7401 |   7065 |    336 |    959 |   4733 |   9 |  822.3 |
        Temple |     87 |     81 |      6 |      0 |     72 |   1 |   87.0 |
        Bailey |    743 |    743 |      0 |    517 |     99 |   1 |  743.0 |
               +--------+--------+--------+--------+--------+-----+--------+

Top non-repeatable levels by time:
     D:7: 1341 daAuts
     D:6: 1283 daAuts
     D:5: 935 daAuts
     D:2: 896 daAuts
     D:4: 780 daAuts
     D:3: 758 daAuts
  Bailey: 743 daAuts
     D:8: 706 daAuts
     D:1: 684 daAuts
  Temple: 87 daAuts
     D:9: 14 daAuts
